 Dungeon Sprint DCSS version 0.17-a0-1718-g72dbe4d (webtiles) character file.

4603 Kidiri the Unseen (level 10, -2/43 (44) HPs)
             Began as a Spriggan Enchanter on Aug 25, 2015.
             Was an Elder of Dithmenos.
             Engulfed by a cloud of foul pestilence (5 damage)
             ... in the Dungeon (Sprint II: "The Violet Keep of Menkaure").
             The game lasted 00:08:01 (1943 turns).

Kidiri the Unseen (Spriggan Enchanter)              Turns: 1943, Time: 00:08:01

HP:   -2/43 (44)    AC:  4    Str:  4    XL:     10   Next: 19%
MP:   16/27         EV: 32    Int: 18    God:    Dithmenos [****..]
Gold: 981           SH:  0    Dex: 19    Spells: 5 memorised, 22 levels left

rFire  x . .     SeeInvis +     a - +1 dagger
rCold  + . .     Clarity  .     b - +1 robe
rNeg   . . .     SustAt   .     (shield restricted)
rPois  .         Gourm    .     (helmet restricted)
rElec  .         Spirit   .     n - +0 cloak
rCorr  .         Warding  .     (gloves unavailable)
rMut   .         NoTele   +     (boots unavailable)
MR     +....                    (no amulet)
Stlth  ++++++++++               u - ring of ice
                                l - ring of invisibility

@: lethally poisoned (-2 -> -82), very slightly contaminated, slowed, wreathed
by umbra, quick, somewhat resistant to hostile enchantments, uncannily stealthy
A: unfitting armour, see invisible, herbivore 3, speed 3, screaming 1, slow
metabolism 2, spit poison 1, no device heal 2
a: Spit Poison, Shadow Step, Renounce Religion, Evoke Invisibility


You were in the Dungeon.
You worshipped Dithmenos.
Dithmenos was greatly pleased with you.
You were not hungry.

You visited 1 branch You collected 1467 gold pieces.
You spent 486 gold pieces at shops.

Inventory:

Hand weapons
 a - a +1 dagger (weapon)
Missiles
 c - 3 throwing nets (quivered)
Armour
 b - a +1 robe (worn)
 n - a +0 cloak (worn)
Jewellery
 l - a ring of invisibility (left hand)
 u - a ring of ice (right hand)
Scrolls
 j - 2 scrolls of blinking
 k - a scroll of remove curse
 p - 2 scrolls of amnesia {unknown}
 q - a scroll of fog {unknown}
 s - a scroll of magic mapping {unknown}
 t - a scroll of identify {unknown}
 x - a scroll of enchant weapon {unknown}
 y - a scroll of fear {unknown}
 z - a scroll of random uselessness {unknown}
Potions
 e - 2 potions of curing
 f - 3 potions of heal wounds
 g - a potion of haste
 h - 5 potions of magic
 i - a potion of berserk rage
 o - 3 potions of resistance {unknown}
 v - 4 potions of flight {unknown}
 w - a potion of brilliance {unknown}
Comestibles
 d - a bread ration


   Skills:
 + Level 8.4 Short Blades
 * Level 14.6 Dodging
 * Level 16.0 Stealth
 * Level 12.7 Spellcasting
 + Level 5.2 Conjurations
 + Level 9.8 Hexes
 + Level 6.0 Ice Magic
 - Level 3.0 Invocations
 + Level 6.8 Evocations


You had 22 spell levels left.
You knew the following spells:

 Your Spells              Type           Power        Failure   Level  Hunger
a - Corona                Hex            #####..      1%          1    None
b - Ensorcelled Hibernat  Hex/Ice        ######       1%          2    None
c - Confuse               Hex            #####...     1%          3    None
d - Tukima's Dance        Hex            #####...     1%          3    None
e - Dazzling Spray        Conj/Hex       #####...     1%          3    None


Dungeon Overview and Level Annotations

Branches:
Dungeon (1/1)

Altars:
Cheibriados
Dithmenos
Elyvilon
Fedhas
Gozag
Kikubaaqudgha
Makhleb
Nemelex Xobeh
Okawaru
Qazlal
Ru
Sif Muna
Trog
Vehumet
Xom
Yredelemnul
Zin
The Shining One
Beogh
Jiyva
Lugonu

Shops:
D =:[!*?:}(=!!:%([

Annotations:
D exclusions: oklob plant and orange crystal statue


Innate Abilities, Weirdness & Mutations

You are tiny and cannot use many weapons and most armour.
You have supernaturally acute eyesight.
You are a herbivore.
You cover ground extremely quickly.
You need consume almost no food.
You occasionally shout uncontrollably at your foes.
You can spit weak poison.
Potions and wands are poor at restoring your health.


Message History

Confirm with . or Enter, or press ? or * to list all spells.
Aiming: Ensorcelled Hibernation
Press: ? - help, Shift-Dir - straight line, f/p - death drake
Aim: a death drake (foul pestilence, catching its breath, umbra, chance to defeat MR: 55%)
You feel a surge of power!
The death drake looks drowsy...
You are engulfed in dark miasma.
You are more poisoned.
You feel as though you will be slow longer.
* * * LOW HITPOINT WARNING * * *
x2 You feel very sick.
The helpless death drake fails to defend itself.
You skewer the death drake like a kebab!!!!
You kill the death drake!
Dithmenos accepts your kill.
Your Stealth skill increases to level 16!
Your Ice Magic skill increases to level 6!
You are engulfed in dark miasma.
You are more poisoned.
You feel as though you will be slow longer.
You die...

≈≈≈§§S≈## ..▓ ≈§§§§§§## ▓▓+▓▓▓▓.▓
§§§§S§≈§##++## +.§.▓0..▓
§≈§§S§##≈...### #§§§▓▓▓▓▓▓▓▓▓▓ #
§§§≈ #e≈.....# #.§.▓≈§≈§§§≈≈▓
#+++#+++#####....# ##§|▓▓▓▓▓▓▓▓▓▓
.ww......#(%+^.§§# .#))▓.(.)((.[▓
wX##+##..#%.####§# §#=|▓)%[(...(▓
w##.#.##.####..+@##§#|:▓..(..[..▓
≈#..#..# ...#..#§§§####▓((....(.▓
####.#####..#####§§##)#▓.[...().▓
.###'###.##..#..+.%#%.#▓.(.().=)▓
..##.##.#.#..#..#..#..#▓..(..).[▓
##'.<.'.##+..####..##.#▓.....(.(▓
#.##.##..##.§..###...##▓▓▓▓▓▓▓+▓▓
.###'###.##......≈≈≈≈≈≈≈≈≈≈≈≈%...
###.#.####≈≈.....≈#+########+###.


There were no monsters in sight!

Vanquished Creatures
  2 death drakes (D)
  3 shining eyes (D)
  A yaktaur (D)
  3 polar bears (D)
  A vampire mosquito (D)
  2 wyverns (D)
  2 hippogriffs (D)
  2 swamp drakes (D)
  A wasp (D)
  3 crocodiles (D)
  4 brain worms (D)
  4 worker ants (D)
  A spectral adder (D)
  3 worms (D)
  A spectral giant cockroach (D)
33 creatures vanquished.

Vanquished Creatures (others)
  Menkaure (D)
  4 tentacles (D)
5 creatures vanquished.

Grand Total: 38 creatures vanquished

Notes
Turn   | Place    | Note
--------------------------------------------------------------
     0 | D        | Kidiri the Spriggan Enchanter began the quest for the Orb.
     0 | D        | Reached XP level 1. HP: 9/9 MP: 5/5
     1 | D        | Noticed a worker ant
     1 | D        | Noticed a worker ant
    16 | D        | Reached skill level 5 in Stealth
    17 | D        | Reached XP level 2. HP: 13/13 MP: 5/7
    21 | D        | Learned a level 2 spell: Ensorcelled Hibernation
    47 | D        | Noticed a worker ant
    47 | D        | Noticed a worker ant
    48 | D        | Killed a worker ant
    48 | D        | Reached skill level 5 in Dodging
    48 | D        | Reached skill level 6 in Stealth
    48 | D        | Reached XP level 3. HP: 16/16 MP: 8/10
    53 | D        | Killed a worker ant
    53 | D        | Reached skill level 5 in Spellcasting
    53 | D        | Reached skill level 1 in Ice Magic
    59 | D        | Killed a worker ant
    59 | D        | Reached skill level 7 in Stealth
    59 | D        | Reached XP level 4. HP: 19/21 MP: 6/12
    61 | D        | Killed a worker ant
    61 | D        | Reached skill level 5 in Hexes
    68 | D        | Killed Menkaure
    73 | D        | Learned a level 3 spell: Confuse
    77 | D        | Learned a level 3 spell: Tukima's Dance
    81 | D        | Learned a level 3 spell: Dazzling Spray
   110 | D        | Noticed a brain worm
   110 | D        | Noticed a brain worm
   110 | D        | Noticed a brain worm
   110 | D        | Noticed a brain worm
   113 | D        | Killed a brain worm
   113 | D        | Reached skill level 9 in Stealth
   113 | D        | Reached skill level 1 in Conjurations
   113 | D        | Reached XP level 5. HP: 24/24 MP: 13/15
   114 | D        | Killed a brain worm
   116 | D        | Killed a brain worm
   116 | D        | Reached skill level 10 in Stealth
   116 | D        | Reached XP level 6. HP: 28/28 MP: 13/17
   119 | D        | Killed a brain worm
   119 | D        | Reached skill level 5 in Short Blades
   167 | D        | Noticed a hippogriff
   167 | D        | Noticed a hippogriff
   171 | D        | Killed a hippogriff
   171 | D        | Reached skill level 10 in Dodging
   171 | D        | Reached skill level 11 in Stealth
   178 | D        | Killed a hippogriff
   178 | D        | Reached XP level 7. HP: 13/32 MP: 11/20
   377 | D        | Noticed a lava snake
   377 | D        | Noticed a lava snake
   378 | D        | Noticed a lava snake
   378 | D        | Noticed a kraken
   394 | D        | Noticed an orange crystal statue
   401 | D        | Found Seh Rei's Antique Armour Shop.
   402 | D        | Found Norhan's Food Shop.
   402 | D        | Found Esolu's Book Boutique.
   402 | D        | Found Digisyo's Antique Weapon Boutique.
   403 | D        | Noticed a vampire mosquito
   412 | D        | Killed a vampire mosquito
   412 | D        | Reached skill level 12 in Stealth
   417 | D        | Found Hirif's Jewellery Boutique.
   417 | D        | Found Toarghatorch's Weapon Shop.
   418 | D        | Found Guguetid's Distillery.
   418 | D        | Found Irun's Distillery.
   422 | D        | Found Jyeseh's Book Boutique.
   422 | D        | Found Kuad's Magic Scroll Boutique.
   423 | D        | Found Souc's Gadget Boutique.
   423 | D        | Noticed a yak
   425 | D        | Found Seacw's Assorted Antiques.
   426 | D        | Found Beyst's Distillery.
   426 | D        | Found Wuumyri's Antique Armour Shop.
   426 | D        | Noticed a yak
   426 | D        | Noticed a yak
   426 | D        | Noticed an oklob plant
   427 | D        | Found Uroifaf's Book Shoppe.
   427 | D        | Found Zoracsud's Jewellery Boutique.
   429 | D        | Noticed a polar bear
   430 | D        | Noticed a polar bear
   433 | D        | Noticed a death yak
   457 | D        | Bought an uncursed ring of invisibility for 330 gold pieces
   472 | D        | Bought a glowing robe for 21 gold pieces
   472 | D        | Bought a cloak for 135 gold pieces
   509 | D        | Noticed a kraken
   512 | D        | Found a stormy altar of Qazlal.
   513 | D        | Found a shimmering altar of Xom.
   513 | D        | Found a basalt altar of Yredelemnul.
   514 | D        | Found a glowing golden altar of the Shining One.
   514 | D        | Found a burning altar of Makhleb.
   515 | D        | Found a sacrificial altar of Ru.
   515 | D        | Found a snail-covered altar of Cheibriados.
   515 | D        | Found a bloodstained altar of Trog.
   515 | D        | Found a deep blue altar of Sif Muna.
   515 | D        | Found an opulent altar of Gozag.
   516 | D        | Found a radiant altar of Vehumet.
   516 | D        | Found a sparkling altar of Nemelex Xobeh.
   516 | D        | Found a roughly hewn altar of Beogh.
   516 | D        | Found a blossoming altar of Fedhas.
   522 | D        | Found a corrupted altar of Lugonu.
   522 | D        | Found a shadowy altar of Dithmenos.
   522 | D        | Found a viscous altar of Jiyva.
   523 | D        | Found an ancient bone altar of Kikubaaqudgha.
   523 | D        | Found a white marble altar of Elyvilon.
   524 | D        | Found an iron altar of Okawaru.
   524 | D        | Found a glowing silver altar of Zin.
   524 | D        | Noticed a polar bear
   526 | D        | Noticed a wasp
   527 | D        | Noticed a yaktaur
   532 | D        | Noticed a crocodile
   535 | D        | Became a worshipper of Dithmenos the Shadowed
   539 | D        | Noticed a crocodile
   738 | D        | Noticed a polar bear
   738 | D        | Noticed a polar bear
   739 | D        | Killed a polar bear
   739 | D        | Reached skill level 1 in Invocations
   739 | D        | Reached skill level 1 in Evocations
   741 | D        | Killed a polar bear
   741 | D        | Reached skill level 10 in Spellcasting
   741 | D        | Reached XP level 8. HP: 36/36 MP: 21/23
   742 | D        | Killed a polar bear
   742 | D        | Reached skill level 13 in Stealth
   743 | D        | Killed a wasp
   745 | D        | Killed a yaktaur
   899 | D        | Noticed a crocodile
   905 | D        | Killed a crocodile
   905 | D        | Acquired Dithmenos's first power
   907 | D        | Killed a crocodile
   915 | D        | Noticed a flying skull
   918 | D        | Noticed a flying skull
   918 | D        | Noticed a flying skull
   918 | D        | Noticed a flying skull
   918 | D        | Noticed a flying skull
   919 | D        | Noticed a flying skull
   929 | D        | Noticed an ice statue
   971 | D        | Killed a crocodile
  1133 | D        | Noticed a death drake
  1133 | D        | Noticed a swamp drake
  1136 | D        | Noticed a shining eye
  1137 | D        | Noticed a shining eye
  1137 | D        | Noticed a shining eye
  1137 | D        | Gained mutation: You can spit weak poison. [a shining eye]
  1140 | D        | Gained mutation: You occasionally shout uncontrollably at your foes. [a shining eye]
  1144 | D        | Gained mutation: Potions and wands are less effective at restoring your health. [a shining eye]
  1156 | D        | Killed a shining eye
  1156 | D        | Reached skill level 14 in Stealth
  1156 | D        | Reached skill level 5 in Ice Magic
  1156 | D        | Reached XP level 9. HP: 39/39 MP: 20/25
  1156 | D        | Gained mutation: Potions and wands are poor at restoring your health. [a shining eye]
  1160 | D        | Killed a shining eye
  1160 | D        | Acquired Dithmenos's second power
  1160 | D        | Reached skill level 5 in Evocations
  1163 | D        | Killed a shining eye
  1163 | D        | Reached skill level 15 in Stealth
  1693 | D        | Noticed a deep elf master archer
  1901 | D        | Noticed a wyvern
  1901 | D        | Noticed a wyvern
  1903 | D        | Killed a wyvern
  1905 | D        | Killed a wyvern
  1905 | D        | Acquired Dithmenos's third power
  1928 | D        | Killed a death drake
  1928 | D        | Reached XP level 10. HP: 44/44 MP: 22/27
  1930 | D        | Noticed a swamp drake
  1932 | D        | Killed a swamp drake
  1932 | D        | Reached skill level 5 in Conjurations
  1934 | D        | Killed a swamp drake
  1935 | D        | Noticed a death drake
  1943 | D        | Killed a death drake
  1943 | D        | Reached skill level 16 in Stealth
  1943 | D        | Engulfed by a cloud of foul pestilence

Vault maps used:
D:        the_violet_keep_of_menkaure

Action                   |  1- 3 |  4- 6 |  7- 9 | 10-12 || total
-------------------------+-------+-------+-------+-------++-------
Melee: Dagger            |     8 |     7 |    47 |     3 ||    65
 Cast: Ensorcelled Hiber |     2 |     5 |     4 |     4 ||    15
       Confuse           |       |       |     3 |       ||     3
       Dazzling Spray    |       |       |     5 |       ||     5
 Abil: Evoke Invisibilit |       |       |     6 |       ||     6
  Use: Scroll            |       |       |     1 |       ||     1
       Potion            |       |       |       |     1 ||     1
 Stab: Sleeping          |     6 |     7 |    12 |     3 ||    28
       Invisible         |       |       |     7 |       ||     7
       Confused          |       |       |     1 |       ||     1
  Eat: Royal jelly       |       |       |     1 |       ||     1
